 Dungeon Crawl Stone Soup version 0.18.1-50-g88ac8fd (console) character file.

600 Kloppie the Cudgeler (level 7, -2/35 HPs)
             Began as a Vine Stalker Fighter on Oct 25, 2016.
             Slain by an ogre
             ... wielding a +0 giant club
              (10 damage)
             ... on level 4 of the Dungeon.
             The game lasted 00:05:44 (3068 turns).

Kloppie the Cudgeler (Vine Stalker Fighter)         Turns: 3068, Time: 00:05:44

Health: -2/35      AC: 13    Str: 18    XL:     7   Next: 41%
Magic:  0/8        EV:  3    Int:  8    God:
Gold:   215        SH:  9    Dex: 21    Spells: 0 memorised, 6 levels left

rFire  . . .     SeeInvis +     a - +0 flail
rCold  . . .     Gourm    .     h - +0 plate armour
rNeg   . . .     Faith    .     c - +0 shield
rPois  .         Spirit   +     (no helmet)
rElec  .         Dismiss  .     p - +0 cloak
rCorr  .         Reflect  .     (no gloves)
SustAt .         Harm     .     (no boots)
MR     .....                    (no amulet)
Stlth  ..........               m - ring of see invisible
                                i - +5 ring of dexterity

@: not resistant to hostile enchantments, extremely unstealthy
A: fangs 2, regeneration 2, magic shield, antimagic bite, no device heal 3, rot
immunity
a: no special abilities


You were on level 4 of the Dungeon.
You were not hungry.

You visited 1 branch of the dungeon, and saw 4 of its levels.
You also visited: Sewer.

You collected 215 gold pieces.

Inventory:

Hand Weapons
 a - a +0 flail (weapon)
 A - a +0 morningstar
Armour
 b - a +0 scale mail
 c - a +0 shield (worn)
 h - a +0 plate armour (worn)
 p - a +0 cloak (worn)
Jewellery
 i - a +5 ring of dexterity (left hand)
 m - a ring of see invisible (right hand)
Wands
 y - a wand of slowing (19/48)
Scrolls
 e - a scroll of noise {unknown}
 j - 5 scrolls of identify {unknown}
 k - a scroll of enchant armour {unknown}
 n - 3 scrolls of magic mapping
 o - 2 scrolls of enchant weapon {unknown}
 r - a scroll of amnesia {unknown}
 u - 3 scrolls of remove curse {unknown}
 v - a scroll of immolation {unknown}
 w - 3 scrolls of fear {unknown}
 B - a scroll of blinking {unknown}
Potions
 g - a potion of agility {unknown}
 l - 2 potions of haste {unknown}
 q - 2 potions of heal wounds {unknown}
 s - a potion of mutation {unknown}
 t - a potion of magic {unknown}
 z - 2 potions of curing {unknown}
Books
 d - a book of Battle

   Spells                             Type                      Level
   a - Infusion                       Charms                       1
   b - Shroud of Golubria             Charms/Translocation         2
   c - Song of Slaying                Charms                       2
   d - Spectral Weapon                Hexes/Charms                 3
   e - Regeneration                   Charms/Necromancy            3
Comestibles
 f - 2 bread rations
 x - a beef jerky
 C - 3 chunks of flesh


   Skills:
 - Level 2.7 Fighting
 + Level 5.2 Maces & Flails
 + Level 5.1 Armour
 - Level 2.6 Shields


You had 6 spell levels left.
You didn't know any spells.

Dungeon Overview and Level Annotations

Branches:
Dungeon (4/15)
 Temple: D:4-7

Altars:
Cheibriados


Innate Abilities, Weirdness & Mutations

You have extremely sharp teeth.
You heal very quickly.
When hurt, damage is shared between your health and your magic reserves.
Your bite disrupts and absorbs the magic of your enemies.
Potions and wands cannot restore your health.
You are immune to rotting.


Message History

The ogre is moderately wounded.
The ogre hits you with a giant club.
* * * LOW HITPOINT WARNING * * *
You are too injured to fight recklessly!
You are too injured to fight recklessly!
You are too injured to fight recklessly!
You hit the ogre. You bite the ogre. You drain its power.
You feel invigorated.
The ogre is heavily wounded.
The ogre hits you with a giant club!
* * * LOW HITPOINT WARNING * * *
You hit the ogre. Your bite misses the ogre.
The ogre is severely wounded.
Your plate armour prevents you from hitting the ogre.
You bite the ogre. You drain its power.
You feel invigorated.
The ogre is almost dead.
You block the ogre's attack.
Your shield and plate armour prevent you from hitting the ogre.
The ogre is almost dead.
The ogre hits you with a giant club!
You die...

*,,,,,,,***,,,,,,,,,##
*,,.....,,+,,,,,,,,,+.
*,,,...,***,,,,,,,,,##
*,,,...,* **,,,,,,,**
***,...,* **,,,,,**
**#.#** **,,,** #h#
*#+#* #O# #.######
#@#########.#.....
#...........#.####
#..#.###.#....# #....#
#......#
##.#.###.#....#
#)#.....#..#<#
#.###.###.##.#
#.###........#
#.........####


You could see an ogre and a hound.

Vanquished Creatures
  An ogre (D:4)
  2 giant frogs (Sewer)
  An iguana (D:4)
  An orc wizard (D:3)
  2 worker ants (D:4)
  10 adders
  11 oozes
  A worm (D:4)
  3 dart slugs
  11 giant geckos
  8 orcs (D:3)
  6 bats
  13 giant cockroaches
  9 goblins
  8 hobgoblins
  12 jackals
  3 quokkas
  12 ball pythons
  9 giant newts (Sewer)
  A jackal skeleton (D:4)
  4 kobolds
  12 rats
140 creatures vanquished.

Notes
Turn   | Place    | Note
--------------------------------------------------------------
     0 | D:1      | Kloppie the Vine Stalker Fighter began the quest for the Orb.
     0 | D:1      | Reached XP level 1. HP: 11/11 MP: 2/2
   120 | D:1      | Reached XP level 2. HP: 16/16 MP: 3/3
   499 | D:1      | Reached XP level 3. HP: 19/19 MP: 4/4
   990 | D:2      | Reached XP level 4. HP: 23/23 MP: 5/5
  1589 | D:3      | Reached XP level 5. HP: 27/27 MP: 6/6
  2002 | D:3      | Found a glowing drain.
  2011 | Sewer    | Entered a sewer
  2131 | Sewer    | Gained mutation: You heal very quickly. [Vine Stalker growth]
  2131 | Sewer    | Reached XP level 6. HP: 32/32 MP: 7/7
  2738 | D:4      | Reached XP level 7. HP: 35/35 MP: 8/8
  2753 | D:4      | Reached skill level 5 in Maces & Flails
  2753 | D:4      | Reached skill level 5 in Armour
  2985 | D:4      | Found a snail-covered altar of Cheibriados.
  3068 | D:4      | Slain by an ogre

Skill      XL: |  1  2  3  4  5  6  7 |
---------------+----------------------+-----
Maces & Flails | 2 3 4 5 |  5.2
Armour         | 3 4 5 |  5.1
Fighting       | |  2.7
Shields        | |  2.6

Action                   |  1- 3 |  4- 6 |  7- 9 || total
-------------------------+-------+-------+-------++-------
Melee: Flail             |    93 |   341 |    38 ||   472
       Bite              |    27 |    86 |    21 ||   134
  Use: Potion            |       |     1 |       ||     1
       Scroll            |       |       |     1 ||     1
  Eat: Chunk             |       |     7 |     1 ||     8
Armor: Plate armour      |    50 |   228 |    16 ||   294
       Scale mail        |     4 |       |       ||     4
Dodge: Dodged            |    12 |    54 |     1 ||    67
Block: Shield            |    44 |   215 |    12 ||   271
